 Dungeon Crawl Stone Soup version 0.30-a0-297-g0ec75d9ef4 (webtiles) character file.

Game seed: 17500230200005179563

3189 MordorOrchid the Magician (level 10, 0/67 HPs)
             Began as a Djinni Earth Elementalist on Oct 18, 2022.
             Was a Believer of Makhleb.
             Slain by a hellwing (7 damage)
             ... on level 7 of the Dungeon.
             The game lasted 00:44:45 (4605 turns).

MordorOrchid the Magician (DjEE)                    Turns: 4605, Time: 00:44:45

Health: 0/67       AC: 10    Str:  7    XL:     10   Next: 16%
Gold:   164        EV: 14    Int: 26    God:    Makhleb [**....] SH:  0 Dex: 15

rFire   + + .      SeeInvis .    j - +0 sling
rCold   . . .      Faith    .    (no shield)
rNeg    . . .      Spirit   .    A - +2 leather armour {rC+}
rPois   ∞          Reflect  .    p - +0 helmet
rElec   .          Harm     .    (no cloak)
rCorr   .          Rampage  .    (no gloves)
Will    +....                    (boots unavailable)
Stlth   ++........               (no amulet)
HPRegen 0.31/turn                k - +4 ring of protection
MPRegen 0.00/turn                F - +6 ring of intelligence

@: about to teleport, flying
A: sickness immunity, fire resistance 2, cold vulnerability 1, float, innate
caster, HP casting, extra vitality 1
a: Renounce Religion, Minor Destruction


You were on level 7 of the Dungeon.
You worshipped Makhleb.
Makhleb was pleased with you.
You visited 2 branches of the dungeon, and saw 8 of its levels.
You also visited: Ossuary.

You collected 324 gold pieces.
You spent 160 gold pieces at shops.

Inventory:

Hand Weapons
 a - a +2 vorpal flail
 f - a +0 dagger
 j - a +0 sling (weapon)
 y - a +1 dagger of venom
 I - a +0 rapier of speed
 K - a +2 whip of holy wrath
Missiles
 i - a throwing net
 D - 2 poisoned darts
 E - 5 boomerangs
Armour
 p - a +0 helmet (worn)
 t - a +0 robe
 A - a +2 leather armour of cold resistance (worn)
Jewellery
 b - a ring of positive energy
 k - a +4 ring of protection (left hand)
 F - a +6 ring of intelligence (right hand)
 G - a ring of wizardry
Wands
 J - a wand of iceblast (3)
Scrolls
 d - a scroll of poison
 e - 2 scrolls of enchant weapon
 h - a scroll of immolation
 o - a scroll of torment {unknown}
 q - 3 scrolls of teleportation
 s - a scroll of butterflies
 v - 3 scrolls of noise
 z - a scroll of acquirement {unknown}
 C - a scroll of vulnerability {unknown}
Potions
 g - 3 potions of heal wounds
 l - 2 potions of resistance
 m - 3 potions of curing
 n - 4 potions of mutation
 r - a potion of magic
 u - 2 potions of flight
 w - 3 potions of attraction
 x - 2 potions of lignification
 B - 4 potions of berserk rage
 H - 2 potions of haste


   Skills:
 - Level 4.0 Fighting
 - Level 2.0 Short Blades
 - Level 2.0 Throwing
 * Level 3.8 Armour
 * Level 5.8 Dodging
 - Level 3.0 Stealth
 + Level 7.6 Spellcasting
 * Level 3.6 Invocations


You had 5 spell levels left.
You knew the following spells:

 Your Spells              Type           Power      Damage    Failure   Level
a - Sandblast             Erth           98%        2d20      1%          1
b - Scorch                Fire           98%        2d10      1%          2
c - Momentum Strike       Conj/Tloc      98%        3d10      1%          2
d - Petrify               Tmut/Erth      49%        N/A       3%          4
e - Cause Fear            Hex            24%        N/A       3%          4
f - Stone Arrow           Conj/Erth      98%        3d13      1%          3
i - Magic Dart            Conj           100%       1d8       1%          1
w - Passwall              Tmut/Erth      40%        N/A       1%          2
Your spell library was empty.

Dungeon Overview and Level Annotations

Branches:
Dungeon (7/15)             Temple (1/1) D:4         Ossuary (visited)

Altars:
Ashenzari
Cheibriados
Dithmenos
Gozag
Hepliaklqana
Makhleb
Nemelex Xobeh
Okawaru
Qazlal
Ru
Uskayaw
Wu Jian
Xom
Yredelemnul
The Shining One

Shops:
D:1 !


Innate Abilities, Weirdness & Mutations

You are immune to sickness and miasma.
You are immune to poison.
Your flesh is very heat resistant. (rF++)
You are vulnerable to cold. (rC-)
You float through the air rather than walking.
You learn spells naturally, not from books.
Your magical power is your life essence.
You have superior vitality. (+4 MHP)


Message History

Unknown command.
Casting: Stone Arrow (safe; 1% risk of failure)
Confirm with . or Enter, or press ? or * to list all spells.
Aiming: Stone Arrow (safe; 1% risk of failure)
Press: ? - help, Shift-Dir - straight line, f/p - hellwing
Aim: a hellwing (heavily wounded, more vulnerable to fire, 76% to hit)
The stone arrow misses the hellwing.
* * * LOW HITPOINT WARNING * * *
The hellwing hits you.
* * * LOW HITPOINT WARNING * * *
The hellwing hits you!
* * * LOW HITPOINT WARNING * * *
Unknown command.
Blink to where?
Press: ? - help, Dir - move target, p - hellwing
As you read the scroll of blinking, it crumbles to dust.
Aiming: Iceblast
Press: ? - help, Shift-Dir - straight line, f - hellwing
Aim: a hellwing (translocational energy, heavily wounded, more vulnerable to fire)
The mass of ice explodes!
The iceblast engulfs the hellwing but does no damage.
The hellwing is heavily wounded.
The hellwing is no longer more vulnerable to fire.
Aiming: Iceblast
Press: ? - help, Shift-Dir - straight line, f/p - hellwing
Aim: a hellwing (heavily wounded)
The mass of ice explodes!
The iceblast engulfs the hellwing but does no damage.
The hellwing is heavily wounded.
Aiming: Iceblast
Press: ? - help, Shift-Dir - straight line, f/p - hellwing
Aim: a hellwing (moderately wounded)
The mass of ice explodes!
The iceblast engulfs the hellwing.
The hellwing is heavily wounded.
As you read the scroll of teleportation, it crumbles to dust.
You feel strangely unstable. The hellwing attacks as you move away!
The hellwing barely misses you. The hellwing misses you.
The hellwing attacks as you move away! The hellwing hits you!
You die...

...........
.......4..# ...
############
.......# #..
#...........
#......# ..
#.#########.
#.....## #.##
#.....#.....
##....##
#..#########.#.####
#....4#
#.##..'.....#.....
...##..#
#..#.#############
.## #.)##
##@......# #... #
##..# #.4###)..##
###. #..#######.##
###..# ##
##..†.....## ##.#
####) #.####...##
#.#####>..# ###
##...# ##..#..####
#.#### #.##.### #.#
## ##.# #.# ###


You could see a hellwing.

Vanquished Creatures
  Prince Ribbit (D:7)
  Eustachio (D:4)
  A water moccasin (D:5)
  2 ice beasts
  An ogre (D:6)
  3 lemures (D:4)
  A necrophage (D:6)
  A bullfrog (D:4)
  14 scorpions
  3 wights (D:7)
  5 howler monkeys (D:7)
  3 centaur zombies
  2 human zombies (Ossuary)
  4 hounds
  2 orc priests (D:6)
  A jelly (D:6)
  4 orc wizards
  5 scorpion zombies (Ossuary)
  4 mummies
  Robin (D:2)
  7 gnolls
  7 adders
  A white imp (D:6)
  An ufetubus (D:6)
  4 dart slugs
  23 orcs
  7 ball pythons
  6 endoplasms
  A giant cockroach (D:3)
  10 goblins
  11 hobgoblins
  13 jackals
  2 quokkas
  4 bats
  3 frilled lizards
  3 gnoll zombies (Ossuary)
  9 kobolds
  4 kobold zombies
  2 orc zombies (Ossuary)
  7 rats
184 creatures vanquished.

Vanquished Creatures (others)
  9 withered plants (D:7)
9 creatures vanquished.

Grand Total: 193 creatures vanquished

Notes
Turn   | Place    | Note
-------+----------+-------------------------------------------
     0 | D:1      | MordorOrchid the Djinni Earth Elementalist began the quest
                  | for the Orb.
     0 | D:1      | MordorOrchid set off with the following spells memorised:
                  | Sandblast, Passwall, Stone Arrow, Petrify.
     0 | D:1      | Reached XP level 1. HP: 15/15 MP: 0/0
    82 | D:1      | Found Pelutaxe's Distillery.
   116 | D:1      | Reached XP level 2. HP: 18/22 MP: 0/0
   407 | D:1      | Reached XP level 3. HP: 25/26 MP: 0/0
   407 | D:1      | Learned a level 1 spell: Magic Dart
   495 | D:1      | Bought a potion of heal wounds for 50 gold pieces
   638 | D:2      | Reached skill level 3 in Spellcasting
   688 | D:2      | Noticed Robin
   714 | D:2      | Reached skill level 1 in Fighting
   714 | D:2      | Reached XP level 4. HP: 23/32 MP: 0/0
   787 | D:2      | Killed Robin
  1152 | D:3      | Reached XP level 5. HP: 30/37 MP: 0/0
  1152 | D:3      | Learned a level 2 spell: Scorch
  1331 | D:3      | Found a shadowy altar of Dithmenos.
  1331 | D:3      | You are sucked into a shaft and drop 2 floors!
  1331 | D:5      | Entered Level 5 of the Dungeon
  1427 | D:4      | Reached XP level 6. HP: 35/43 MP: 0/0
  1477 | D:4      | Reached skill level 1 in Short Blades
  1513 | D:4      | Noticed Eustachio
  1565 | D:4      | Found a staircase to the Ecumenical Temple.
  1574 | Temple   | Entered the Ecumenical Temple
  1598 | Temple   | Became a worshipper of Makhleb the Destroyer
  1677 | D:4      | Found a shimmering altar of Xom.
  1693 | D:4      | Reached skill level 1 in Throwing
  1737 | D:3      | Reached skill level 4 in Spellcasting
  1840 | D:1      | Bought a potion of lignification for 30 gold pieces
  1840 | D:1      | Bought a potion of mutation for 80 gold pieces
  2079 | D:4      | Reached XP level 7. HP: 29/49 MP: 0/0
  2079 | D:4      | Learned a level 2 spell: Momentum Strike
  2322 | D:4      | Killed Eustachio
  2426 | D:5      | Noticed a water moccasin
  2430 | D:5      | Killed a water moccasin
  2451 | D:5      | Found a sacrificial altar of Ru.
  2559 | D:5      | Reached skill level 1 in Armour
  2700 | D:5      | Reached XP level 8. HP: 46/54 MP: 0/0
  2905 | D:6      | Reached skill level 5 in Spellcasting
  2916 | D:6      | Reached * piety under Makhleb
  2969 | D:6      | Found a sand-covered staircase.
  3055 | Ossuary  | Entered an ossuary
  3129 | Ossuary  | Reached skill level 1 in Invocations
  3467 | Ossuary  | Reached XP level 9. HP: 36/59 MP: 0/0
  3467 | Ossuary  | Learned a level 4 spell: Cause Fear
  3474 | Ossuary  | Reached skill level 6 in Spellcasting
  3658 | Ossuary  | Reached skill level 5 in Dodging
  3812 | D:6      | Reached ** piety under Makhleb
  4065 | D:6      | Found a hazy altar of Hepliaklqana.
  4285 | D:7      | Noticed Prince Ribbit
  4288 | D:7      | Killed Prince Ribbit
  4305 | D:7      | Reached skill level 7 in Spellcasting
  4566 | D:7      | Reached XP level 10. HP: 55/67 MP: 0/0
  4605 | D:7      | Slain by a hellwing

Illustrated notes

Levels and vault maps discovered:
D:1:      zaba_arrival_water, layout_loops_ring, serial_shops,
          nicolae_shop_hallway_plus
D:2:      layout_rooms, uniq_robin
D:3:      layout_basic, overflow_temple_1_default
D:4:      layout_loops_cross, mainiacjoe_overflow_swirl, temple_hall,
          minmay_misc_feat_diagonals, minmay_misc_feat_more_columns, uniq_pikel,
          uniq_eustachio
D:5:      layout_gridville, kennysheep_little_box, minmay_misc_feat_doors,
          nicolae_sextant
D:6:      layout_loops_ring, worldfamousw_hep_ancestral_shrine,
          nicolae_ossuary_entry_giza
D:7:      cheibrodos_grave_circle, layout_layer_cave,
          mainiacjoe_overflow_chevrons, trog_antimagical,
          roderic_serpentine_path, uniq_duvessa, uniq_prince_ribbit1,
          uniq_menkaure
Temple:   nicolae_temple_ecumenical_triangle

Skill      XL: |  1  2  3  4  5  6  7  8  9 10 |
---------------+-------------------------------+-----
Stealth        | 2 3 |  3.0
Spellcasting   | 3 4 5 7 |  7.6
Fighting       | 1 2 3 4 |  4.0
Dodging        | 3 4 5 |  5.8
Short Blades   | 1 2 |  2.0
Throwing       | 1 2 |  2.0
Armour         | 1 2 3 |  3.8
Invocations    | 1 3 |  3.6

Action                   |  1- 3 |  4- 6 |  7- 9 | 10-12 || total
-------------------------+-------+-------+-------+-------++-------
Melee: Dagger            |     6 |       |       |       ||     6
 Fire: Sling             |       |    29 |    35 |     1 ||    65
Throw: Stone             |     2 |       |       |       ||     2
 Cast: Sandblast         |    47 |    46 |    50 |     1 ||   144
       Magic Dart        |    13 |    44 |    21 |     3 ||    81
       Passwall          |     1 |       |       |       ||     1
       Scorch            |       |    14 |    40 |     3 ||    57
       Stone Arrow       |       |    10 |    76 |     7 ||    93
Evoke: Wand              |       |       |       |     3 ||     3
  Use: Scroll            |     2 |     8 |     8 |     2 ||    20
 Stab: Sleeping          |     4 |       |       |       ||     4
Armor: Robe              |     4 |     6 |     1 |       ||    11
       Leather armour    |       |       |    27 |     9 ||    36
Dodge: Dodged            |    27 |    31 |    46 |    16 ||   120

Table legend: (Time is in decaauts)
 A = Elapsed time spent in this place.
 B = Non-inter-level travel time spent in this place.
 C = Inter-level travel time spent in this place.
 D = Time resting spent in this place.
 E = Time spent auto-exploring this place.
 F = Levels seen in this place.
 G = Mean time per level.
                   A        B        C        D        E       F      G
               +--------+--------+--------+--------+--------+-----+--------+
         Total |   4703 |   4294 |    409 |    447 |      0 |   9 |  522.6 |
       Dungeon |   3926 |   3522 |    404 |    133 |      0 |   7 |  560.9 |
        Temple |     29 |     24 |      5 |      0 |      0 |   1 |   29.0 |
       Ossuary |    747 |    747 |      0 |    314 |      0 |   1 |  747.0 |
               +--------+--------+--------+--------+--------+-----+--------+

Top non-repeatable levels by time:
     D:4: 898 daAuts
 Ossuary: 747 daAuts
     D:6: 687 daAuts
     D:1: 653 daAuts
     D:2: 486 daAuts
     D:5: 446 daAuts
     D:3: 412 daAuts
     D:7: 342 daAuts
  Temple: 29 daAuts
